Map: Amygdala

Players

iPlayDefense - Winner!

  • Race: Terran Terran
  • League: Silver
  • Spawn Location: 7:00

typhone

  • Race: Terran Terran
  • Spawn Location: 1:00

VOD

Have the link to the VOD?

Description

Time

  • Played on: April 13, 2025, 10:40 a.m.
  • Length: 10:56
Show
View Real Time Build Order
Export as new Build Order

iPlayDefense Terran - Winner!

Build Orders:  

Get SALT Encoding   

  12  0:04  SCV  
  13  0:16  SCV  
  13  0:21  Supply Depot  
  14  0:26  Refinery  
  14  0:30  SCV  
  15  0:47  SCV  
  16  0:59  SCV  
  16  1:01  Barracks  
  17  1:11  Supply Depot, SCV  
  18  1:49  Orbital Command, Barracks Reactor  
  18  1:53  Factory  
  18  2:10  Refinery  
  18  2:26  Barracks x2  
  18  2:28  Marine x2  
  19  2:38  Factory Tech Lab  
  19  2:45  Marine  
  19  2:46  Marine  
  19  2:49  Bunker  
  21  3:01  SCV  
  22  3:13  Siege Tank  
  22  3:14  SCV  
  22  3:19  Barracks Tech Lab  
  26  3:20  Barracks Tech Lab  
  26  3:26  SCV  
  27  3:38  SCV  
  28  3:50  SCV  
  29  4:00  Command Center  
  29  4:02  SCV  
  30  4:19  SCV  
  31  4:30  Supply Depot  
  31  4:52  SCV, Marine x4  
  36  4:54  Supply Depot  
  36  5:04  SCV  
  37  5:09  Marine x2  
  37  5:11  Marine x2  
  41  5:16  Supply Depot, SCV  
  41  5:18  Supply Depot  
  42  5:22  Orbital Command  
  42  5:27  Marine x2  
  45  5:28  SCV  
  45  5:32  Marine x2  
  47  5:40  SCV  
  48  5:44  Engineering Bay  
  48  5:52  SCV  
  48  5:53  Supply Depot  
  49  6:03  Cyclone  
  52  6:04  SCV  
  53  6:12  Armory  
  53  6:17  SCV  
  54  6:24  Terran Infantry Weapons Level 1  
  54  6:26  Combat Shield  
  54  6:27  Stimpack  
  54  6:35  Cyclone  
  54  6:36  SCV x2  
  54  6:37  Marine x3  
  54  6:38  Marine  
  63  6:45  Supply Depot  
  63  6:48  SCV  
  64  6:55  Marine  
  64  6:56  Marauder  
  64  7:00  Starport  
  67  7:03  Supply Depot  
  67  7:07  Cyclone  
  60  7:26  SCV x2, Marine x2  
  60  7:27  Marine x2  
  66  7:38  SCV  
  66  7:40  Siege Tank  
  70  7:44  Supply Depot, Marine  
  70  7:45  Marauder x2  
  75  7:56  Starport Reactor  
  75  8:06  Marauder  
  75  8:08  Refinery  
  75  8:09  Refinery  
  75  8:11  SCV x2, Marine x3  
  75  8:12  Siege Tank  
  85  8:20  Supply Depot  
  85  8:23  SCV  
  85  8:27  Supply Depot, Marine  
  86  8:29  Marine  
  86  8:30  Marauder  
  90  8:41  SCV x2  
  90  8:42  Marine  
  90  8:43  Thor  
  90  8:45  Medivac x2  
  90  8:46  Marauder  
  90  8:47  Marine  
  106  8:51  Marauder  
  106  8:52  Supply Depot  
  106  8:53  SCV  
  109  8:58  Supply Depot  
  109  8:59  Marine  
  110  9:04  Marine  
  110  9:06  Marine  
  112  9:12  Missile Turret, Marauder  
  112  9:14  Missile Turret  
  112  9:15  Missile Turret, Medivac  
  116  9:25  Marauder  
  118  9:34  Marauder  
  108  10:19  SCV x2  
  108  10:20  Marine x4  
  114  10:24  Medivac x2  
  124  10:31  SCV  
  125  10:37  Marine  
Show
View Real Time Build Order
Export as new Build Order

typhone Terran 

Build Orders:  

Get SALT Encoding   

  12  0:01  SCV  
  13  0:21  Supply Depot  
  13  0:22  SCV  
  14  0:28  Refinery  
  14  0:34  SCV  
  15  0:47  SCV  
  15  0:49  Barracks  
  16  0:59  SCV  
  16  1:01  Refinery  
  17  1:11  SCV  
  18  1:14  Supply Depot  
  18  1:24  SCV  
  19  1:36  SCV  
  19  1:37  Marine  
  21  1:55  SCV, Marine, Factory  
  23  2:06  Supply Depot  
  23  2:13  Marine  
  23  2:15  SCV  
  25  2:32  Marine  
  25  2:34  SCV  
  27  2:42  Factory Tech Lab  
  27  2:44  Engineering Bay  
  27  2:53  Marine  
  27  2:56  Starport  
  28  3:08  Siege Tank  
  28  3:09  SCV  
  28  3:11  Marine  
  33  3:23  Supply Depot, Terran Infantry Armor Level 1  
  33  3:29  Marine  
  34  3:40  Siege Tank  
  37  3:45  Starport Tech Lab  
  37  3:46  SCV  
  38  3:51  Marine  
  39  3:59  Supply Depot  
  39  4:10  Missile Turret  
  39  4:14  Marine  
  40  4:26  Medivac  
  42  4:32  Marine  
  43  4:39  Command Center  
  43  4:44  Armory  
  43  4:50  Marine  
  44  4:56  Medivac  
  46  5:08  Marine  
  46  5:10  Refinery  
  47  5:18  Terran Infantry Weapons Level 1  
  47  5:25  Marine  
  48  5:43  Marine  
  48  5:45  Fusion Core  
  48  5:46  Terran Vehicle Weapons Level 1  
  48  5:47  Siege Tank  
  52  6:01  Marine  
  52  6:02  SCV  
  54  6:14  SCV  
  55  6:19  Marine  
  55  6:24  Medivac  
  58  6:26  Siege Tank, SCV  
  62  6:37  Marine  
  62  6:38  SCV  
  62  6:39  Refinery  
  64  6:50  SCV  
  65  6:54  Marine  
  66  7:03  SCV  
  57  7:12  Marine  
  48  7:30  Marine  
  49  7:47  Thor  
  49  7:48  Marine  
  49  7:49  Battlecruiser  
  62  7:52  Terran Vehicle Weapons Level 2  
  62  7:54  SCV  
  63  8:06  SCV, Marine  
  65  8:14  Barracks  
  65  8:18  SCV  
  66  8:22  Supply Depot  
  66  8:24  Marine  
  67  8:30  SCV  
  68  8:37  Terran Infantry Armor Level 2  
  68  8:41  Marine  
  68  8:42  SCV  
  68  8:44  Thor  
  76  8:54  SCV  
  77  8:59  Marine  
  78  9:07  Barracks Tech Lab  
  78  9:14  Supply Depot  
  78  9:31  Supply Depot  
  78  9:35  SCV, Marine, Battlecruiser  
  59  9:53  Marine  
  54  10:08  Marine  
  54  10:11  Marine  
  56  10:18  Starport  
  56  10:19  SCV  
  57  10:26  Marine, Factory  
  58  10:28  Marine  
Tags
 
League
Silver
Matchup
TvT
Race
Terran
Replay Pack
DaveSC2
Spawn Locations
Cross Positions
Add a new tag
Caveats
  • Supply blocks, unpowered buildings, or Contaminate may cause inaccurate times.
  • Supply counts are checked every 10 seconds.